 Dungeon Crawl Stone Soup version 0.25-a0-42-g6c54e25894 (webtiles) character file.

Game seed: 13776538696351028128, levelgen mode: deterministic

164 Esekla the Magician (level 5, -4/28 HPs)
             Began as a Deep Elf Wizard on Oct 23, 2019.
             Killed by divine providence
             ... invoked by an orc priest
              (11 damage)
             ... on level 5 of the Dungeon.
             The game lasted 00:30:39 (3613 turns).

Esekla the Magician (Deep Elf Wizard)               Turns: 3613, Time: 00:30:40

Health: -4/28      AC:  4    Str:  5    XL:     5   Next: 21%
Magic:  1/15       EV: 13    Int: 23    God:
Gold:   155        SH:  0    Dex: 13    Spells: 7/16 levels left

rFire    . . .     SeeInvis .   r - +1 short sword
rCold    . . .     Gourm    .   (no shield)
rNeg     . . .     Faith    .   a - +0 robe
rPois    .         Spirit   .   p - +0 helmet
rElec    .         Reflect  .   (no cloak)
rCorr    .         Harm     .   o - +0 pair of gloves
MR       .....                  (no boots)
Stlth    ++........             (no amulet)
HPRegen  0.09/turn              (no ring)
MPRegen  0.14/turn              (no ring)

@: no status effects
A: no striking features
a: no special abilities


You were on level 5 of the Dungeon.
You were not hungry.

You visited 1 branch of the dungeon, and saw 5 of its levels.

You collected 155 gold pieces.

Inventory:

Hand Weapons
 r - a +1 short sword (weapon)
Armour
 a - a +0 robe (worn)
 o - a +0 pair of gloves (worn)
 p - a +0 helmet (worn)
 t - a cursed +0 ring mail
Wands
 v - a wand of iceblast (9)
Scrolls
 f - a scroll of blinking
 h - 4 scrolls of teleportation
 i - a scroll of remove curse
 k - a scroll of enchant weapon
 l - a scroll of amnesia
 n - a scroll of noise {unknown}
 u - a scroll of fear {unknown}
Potions
 b - a potion of magic {unknown}
 c - a potion of heal wounds
 e - a potion of haste {unknown}
 g - a potion of agility {unknown}
 j - a potion of degeneration {unknown}
 m - a potion of flight {unknown}
 q - a potion of mutation {unknown}
 s - a potion of might {unknown}
Comestibles
 d - 9 rations


   Skills:
 + Level 3.6 Dodging
 + Level 3.2 Stealth
 + Level 6.1 Spellcasting
 * Level 3.0 Conjurations
   Level 1.1 Summonings
 + Level 1.1 Translocations


You had 7 spell levels left.
You knew the following spells:

 Your Spells              Type           Power        Failure   Level  Hunger
a - Magic Dart            Conj           ###.         2%          1    None
b - Blink                 Tloc           N/A          8%          2    None
c - Mephitic Cloud        Conj/Pois/Air  ##......     17%         3    #......
f - Conjure Flame         Conj/Fire      ##......     14%         3    #......

Your spell library contained the following spells:

 Spells                   Type           Power        Failure   Level  Hunger
 Call Imp                 Summ           ##......     9%          2    None
 Slow                     Hex            #.......     13%         2    None


Dungeon Overview and Level Annotations

Branches:
Dungeon (5/15)
 Temple: D:4-7

Altars:

Annotations:
D:3 Robin
D:5 1 runed translucent door, Tramtrist's ghost, novice KoBe


Message History

The ball explodes into a vile cloud!
The stinking cloud engulfs the orc priest but does no damage.
The stinking cloud engulfs something but does no damage.
Really walk into that cloud of noxious fumes?
Okay, then.
The orc wizard is engulfed in noxious fumes.
The orc wizard appears confused.
Something wonders, "What am I doing in here?"
The orc wizard hits something but does no damage.
The orc priest hits you.
* * * LOW HITPOINT WARNING * * *
The orc wizard hits the orc with a +0 dagger.
Something hits the orc wizard.
The orc wizard hits the orc but does no damage.
The orc priest calls upon Beogh to heal the orc.
The orc is healed somewhat.
The orc wizard hits the orc but does no damage.
The orc priest invokes the aid of Beogh against you.
Beogh smites you!
You die...

########........#
#........# #........#
#........# #...÷....#
#........# #........#
#######..##### ##.@...##
##..###..## ##.o##W##..##
#######.O##...##..#######
##.##..#o##.....##.......#
#......o.#⌠.%♣!.⌠#.......#
#.....o.{##.....##.......#
#.........##...##........#
#..........##.##.........#


You could see an ogre, an orc priest, an orc wizard (confused), Tramtrist's
ghost and 2 orcs.

Vanquished Creatures
  A jelly (D:5)
  A worker ant (D:4)
  A gnoll (D:3)
  An adder (D:4)
  An ooze (D:2)
  2 worms
  4 dart slugs
  2 leopard geckos (D:1)
  2 orcs (D:4)
  A ball python (D:1)
  A giant cockroach (D:2)
  12 goblins
  7 hobgoblins
  6 jackals
  12 kobolds
  3 quokkas
  5 bats
  2 frilled lizards
  3 rats
67 creatures vanquished.

Notes
Turn   | Place    | Note
-------+----------+-------------------------------------------
     0 | D:1      | Esekla the Deep Elf Wizard began the quest for the Orb.
     0 | D:1      | Reached XP level 1. HP: 10/10 MP: 7/7
   335 | D:1      | Reached skill level 5 in Spellcasting
   335 | D:1      | Reached XP level 2. HP: 15/15 MP: 2/10
  1041 | D:1      | Reached XP level 3. HP: 15/19 MP: 4/11
  1045 | D:1      | Learned a level 2 spell: Blink
  1049 | D:1      | Learned a level 3 spell: Mephitic Cloud
  1053 | D:1      | Learned a level 3 spell: Conjure Flame
  2226 | D:3      | Noticed Robin
  2350 | D:3      | Reached XP level 4. HP: 10/24 MP: 7/13
  2672 | D:3      | Reached skill level 6 in Spellcasting
  2974 | D:5      | Entered Level 5 of the Dungeon
  3165 | D:5      | Noticed an ogre
  3476 | D:5      | Found a runed translucent door.
  3478 | D:5      | Noticed Tramtrist's ghost (novice KoBe)
  3550 | D:5      | Reached XP level 5. HP: 28/28 MP: 10/15
  3613 | D:5      | Killed from afar by an orc priest

Levels and vault maps discovered:
D:1:      sevenhm_arrival_forest_fort_large_2, layout_basic
D:2:      layout_loops_ring
D:3:      layout_basic, grunt_ministairs_11, uniq_robin
D:4:      layout_layer_cave, uniq_natasha
D:5:      layout_gridville, first_ration, hellmonk_ghost_happy_afterlife

Skill      XL: |  1  2  3  4 |
---------------+-------------+-----
Spellcasting   | 5 6 |  6.1
Conjurations   | 2 3 |  3.0
Stealth        | 3 |  3.2
Dodging        | 3 |  3.6
Summonings     | |  1.1
Translocations | |  1.1

Action                   |  1- 3 |  4- 6 || total
-------------------------+-------+-------++-------
Melee: Unarmed           |     1 |       ||     1
       Dagger            |     4 |       ||     4
       Short sword       |       |     7 ||     7
 Cast: Magic Dart        |   129 |    84 ||   213
       Conjure Flame     |     1 |       ||     1
       Blink             |       |     7 ||     7
       Mephitic Cloud    |       |     4 ||     4
  Use: Scroll            |       |     6 ||     6
       Potion            |       |     1 ||     1
 Stab: Sleeping          |     1 |       ||     1
       Confused          |       |     1 ||     1
  Eat: Chunk             |     3 |     5 ||     8
Armor: Robe              |    12 |    16 ||    28
Dodge: Dodged            |    46 |    45 ||    91

Table legend:
 A = Non-vault XP
 B = Vault XP
 C = Vault XP percentage of total XP
 D = Non-vault monster count
 E = Vault monster count
 F = Vault count percentage of total count
                 A         B        C        D         E       F
            +---------+---------+-------+---------+---------+-------
      Total |     221 |      14 |   6.0 |      60 |       7 |  10.4
            +---------+---------+-------+---------+---------+-------
        D:1 |      43 |       0 |   0.0 |      23 |       0 |   0.0
        D:2 |      39 |       4 |   9.3 |      17 |       2 |  10.5
        D:3 |      33 |      10 |  23.3 |       9 |       5 |  35.7
        D:4 |      59 |       0 |   0.0 |       8 |       0 |   0.0
        D:5 |      47 |       0 |   0.0 |       3 |       0 |   0.0
            +---------+---------+-------+---------+---------+-------
